 Dungeon Crawl Stone Soup version 0.27.0-1-g7a089689b8 (webtiles) character file.

Game seed: 4642176747722134712

51 SnakkuSnakku7 the Chopper (level 3, -1/30 HPs)
             Began as a Vine Stalker Berserker on Aug 11, 2021.
             Was a Believer of Trog.
             Succumbed to a goblin's poison
             ... on level 2 of the Dungeon.
             The game lasted 00:01:23 (753 turns).

SnakkuSnakku7 the Chopper (Vine Stalker Berserker)   Turns: 753, Time: 00:01:24

Health: -1/30      AC:  7    Str: 20    XL:     3   Next: 83%
Magic:  3/4        EV: 11    Int:  7    God:    Trog [**....]
Gold:   46         SH:  0    Dex: 13    Spells: 2/2 levels left

rFire    . . .     SeeInvis .   a - +0 hand axe
rCold    . . .     Faith    .   (no shield)
rNeg     . . .     Spirit   +   f - +0 ring mail
rPois    .         Reflect  .   (no helmet)
rElec    .         Harm     .   h - +0 cloak
rCorr    .         Rampage  .   (no gloves)
Will     .....                  e - +0 pair of boots
Stlth    ..........             (no amulet)
HPRegen  0.10/turn              (no ring)
MPRegen  0.09/turn              (no ring)

@: berserking, lethally poisoned (-1 -> -13), very quick
A: fangs 2, magic shield, antimagic bite, no potion heal 2
a: Renounce Religion, Berserk, Trog's Hand


You were on level 2 of the Dungeon.
You worshipped Trog.
Trog was pleased with you.
You visited 1 branch of the dungeon, and saw 2 of its levels.

You collected 46 gold pieces.

Inventory:

Hand Weapons
 a - a +0 hand axe (weapon)
Armour
 b - a +0 animal skin
 e - a +0 pair of boots (worn)
 f - a +0 ring mail (worn)
 h - a +0 cloak (worn)
Scrolls
 d - 2 scrolls of identify {unknown}
 g - a scroll of noise {unknown}
Potions
 c - a potion of berserk rage {unknown}


   Skills:
 + Level 3.5 Fighting
 + Level 3.5 Axes
 - Level 1.5 Armour
 - Level 1.5 Dodging


You had 2 spell levels left.
You didn't know any spells.
Your spell library was empty.

Dungeon Overview and Level Annotations

Branches:
Dungeon (2/15)

Altars:

Annotations:
D:2 Robin


Innate Abilities, Weirdness & Mutations

You have extremely sharp teeth.
When hurt, damage is shared between your health and your magic reserves.
Your bite disrupts and absorbs the magic of your enemies.
Potions cannot restore your health.


Message History

You kill the goblin!
Trog accepts your kill.
* * * LOW HITPOINT WARNING * * *
You feel very sick. The goblin closely misses you.
Unknown command.
You slash the goblin!
You kill the goblin!
Trog accepts your kill.
You slash the goblin!
You kill the goblin!
Trog accepts your kill.
You slash the goblin!
You kill the goblin!
Trog accepts your kill.
You hit the hobgoblin.
* * * LOW HITPOINT WARNING * * *
You feel very sick.
Unknown command.
You slash the hobgoblin!
You kill the hobgoblin!
Trog accepts your kill.
* * * LOW HITPOINT WARNING * * *
You feel sick.
Unknown command.
Unknown command.
Unknown command.
* * * LOW HITPOINT WARNING * * *
You feel very sick. Robin hits you but does no damage.
The hobgoblin closely misses you.
Things that are here:
a +0 club; a +0 club; a goblin corpse Unknown command.
You slash Robin! Your bite misses Robin.
Robin is severely wounded.
You slash the hobgoblin!
You kill the hobgoblin!
Trog accepts your kill.
You hit the hobgoblin.
You die...

........###.#.#+#..)..
......... ..#.#.#.###.
##......#####.#.#.#...
............)...#.#... .
##......#####.###.....
..####+##.....#.........
..............####......
......†)).....# #......
......g@......# #......
...(..g.).....# #######
................
########..####### ....
...## ...# ....#


You could see Robin and a hobgoblin (strong).

Vanquished Creatures
  An adder (D:2)
  6 ball pythons
  An endoplasm (D:1)
  A giant cockroach (D:1)
  13 goblins
  4 hobgoblins
  3 jackals (D:1)
  A kobold (D:1)
  2 quokkas
  3 bats
  A frilled lizard (D:2)
  3 rats
39 creatures vanquished.

Notes
Turn   | Place    | Note
-------+----------+-------------------------------------------
     0 | D:1      | SnakkuSnakku7 the Vine Stalker Berserker began the quest
                  | for the Orb.
     0 | D:1      | Reached XP level 1. HP: 11/11 MP: 2/2
    93 | D:1      | Reached XP level 2. HP: 8/16 MP: 3/3
   674 | D:2      | Reached ** piety under Trog
   677 | D:2      | Reached XP level 3. HP: 20/20 MP: 2/4
   742 | D:2      | Noticed Robin
   752 | D:2      | HP: 1/30 [poisoned by a goblin]
   753 | D:2      | Succumbed to a goblin's poison

Illustrated notes

Levels and vault maps discovered:
D:1:      lemuel_arrival_funnel, layout_loops_ring, serial_park_tiny_pond,
          grunt_decor_one_mirror, minmay_pentomino_s2
D:2:      layout_basic, uniq_robin

Skill      XL: |  1 |
---------------+----+-----
Fighting       | 3 |  3.5
Axes           | 3 |  3.5
Armour         | |  1.5
Dodging        | |  1.5

Action                   || total
-------------------------++-------
Melee: Hand axe          ||    70
       Bite              ||    14
Invok: Berserk           ||     1
Armor: Animal skin       ||     3
       Ring mail         ||    27
Dodge: Dodged            ||    50
